 Dungeon Crawl Stone Soup version 0.29.1-14-g9c671dbff4 (webtiles) character file.

Game seed: 13444305025890046080

11523 MacCMillion the Grappler (level 11, -5/109 HPs)
             Began as a Troll Fighter on Feb 20, 2023.
             Was a High Priest of Okawaru.
             Slain by a two-headed ogre
             ... wielding a +0 giant club
              (21 damage)
             ... on level 10 of the Dungeon.
             The game lasted 00:28:14 (12238 turns).

MacCMillion the Grappler (Troll Fighter)           Turns: 12238, Time: 00:28:14

Health: -5/109     AC: 12    Str: 34    XL:     11   Next: 50%
Magic:  14/14      EV:  9    Int:  4    God:    Okawaru [*****.]
Gold:   824        SH: 15    Dex: 12    Spells: 10/10 levels left

rFire   + . .      SeeInvis .     - Unarmed
rCold   + . .      Faith    .   b - +0 kite shield
rNeg    . . .      Spirit   .   R - +0 steam dragon scales
rPois   +          Reflect  +   (helmet restricted)
rElec   .          Harm     .   B - +0 cloak
rCorr   .          Rampage  .   (gloves unavailable)
Will    .....                   (boots unavailable)
Stlth   +.........              A - amulet of reflection
HPRegen 1.08/turn               G - ring of the Equinox {rPois rF+ rC+ Str+4 Dex+3}
MPRegen 0.14/turn               V - +4 ring of protection

@: mighty, hasted, very quick
A: large, unfitting armour, claws 3, regeneration 1, shaggy fur 1, tough skin 1
a: Renounce Religion, Heroism, Finesse, Duel


You were on level 10 of the Dungeon.
You worshipped Okawaru.
Okawaru was extremely pleased with you.
You visited 2 branches of the dungeon, and saw 12 of its levels.
You also visited: Ossuary and Bailey.

You collected 848 gold pieces.
You spent 24 gold pieces at shops.

Inventory:

Missiles
 p - 16 large rocks
 I - 38 poisoned darts (quivered)
 J - 4 atropa-tipped darts
 K - 3 boomerangs
 Z - a silver javelin
Armour
 a - a +0 robe
 b - a +0 kite shield (worn)
 B - a +0 cloak (worn)
 R - +0 steam dragon scales (worn)
Jewellery
 u - a +4 ring of protection
 A - an amulet of reflection (around neck)
 G - the ring of the Equinox (left claw) {rPois rF+ rC+ Str+4 Dex+3}
   (You acquired it in a bailey)

   [ring of protection from cold]

   Str:       It affects your strength (+4).
   Dex:       It affects your dexterity (+3).
   rF:        It protects you from fire.
   rC:        It protects you from cold.
   rPois:     It protects you from poison.
 M - an amulet of guardian spirit
 O - a ring of fire
 Q - a ring of resist corrosion
 S - a ring of fire
 T - an amulet of the acrobat
 V - a +4 ring of protection (right claw)
 Y - a ring of poison resistance
Wands
 w - a wand of quicksilver (6)
 x - a wand of flame (32)
 N - a wand of digging (7)
 P - a wand of iceblast (9)
Scrolls
 e - a scroll of vulnerability
 f - 3 scrolls of butterflies
 g - 4 scrolls of noise
 h - a scroll of blinking {unknown}
 i - 2 scrolls of poison {unknown}
 k - 2 scrolls of fear
 l - 5 scrolls of amnesia {unknown}
 n - 3 scrolls of silence {unknown}
 s - a scroll of immolation {unknown}
 t - a scroll of teleportation {unknown}
 y - 2 scrolls of enchant armour {unknown}
 C - a scroll of brand weapon {unknown}
 W - a scroll of enchant weapon {unknown}
Potions
 c - 2 potions of might
 d - a potion of invisibility {unknown}
 j - 2 potions of degeneration
 m - 10 potions of curing
 o - 2 potions of heal wounds {unknown}
 q - 3 potions of haste
 r - 3 potions of flight
 v - 3 potions of attraction {unknown}
 z - 2 potions of berserk rage {unknown}
 D - 2 potions of ambrosia {unknown}
 E - a potion of brilliance {unknown}
 F - a potion of cancellation {unknown}
 H - 2 potions of magic {unknown}
 L - a potion of lignification {unknown}
 U - 2 potions of mutation {unknown}


   Skills:
 - Level 7.2 Fighting
 - Level 6.4 Throwing
 - Level 2.4 Dodging
 - Level 7.9 Shields
 - Level 10.6 Unarmed Combat
 + Level 6.5 Invocations


You had 10 spell levels left.
You didn't know any spells.
Your spell library contained the following spells:

 Spells                   Type           Power      Damage    Failure   Level
 Slow                     Hex            0%         N/A       75%         1
 Confusing Touch          Hex            0%         N/A       98%         3
 Ignite Poison            Fire/Tmut/Pois 0%         N/A       98%         3
 Mephitic Cloud           Conj/Pois/Air  0%         N/A       98%         3
 Vampiric Draining        Necr           0%         2d6       98%         3
 Freezing Cloud           Conj/Ice/Air   0%         6-21      100%        5
 Polar Vortex             Ice            0%         N/A       100%        9
 Simulacrum               Ice/Necr       Unusable   N/A       N/A         6

Dungeon Overview and Level Annotations

Branches:
Dungeon (11/15)            Temple (1/1) D:7            Lair (0/5) D:10
    Orc (0/2) D:10        Ossuary (visited)          Bailey (visited)

Altars:
Ashenzari
Cheibriados
Dithmenos
Elyvilon
Fedhas
Gozag
Hepliaklqana
Kikubaaqudgha
Makhleb
Nemelex Xobeh
Okawaru
Qazlal
Ru
Trog
Uskayaw
Vehumet
Wu Jian
Yredelemnul
Zin
The Shining One

Shops:
D:1 [*![   D:7 :

Annotations:
D:3 2 transporters, laros's ghost, weakling MiBe
D:5 2 transporters, yoloboy69's ghost, novice OpFi


Innate Abilities, Weirdness & Mutations

You are too large for most types of armour.
You have claws for hands.
Your natural rate of healing is unusually fast.
You are covered in fur. (AC +1)
You have tough skin. (AC +1)


Message History

The barbs in your skin will harm you if you move.
Continue? [Y]es or [N]o only, please.
The barbs in your skin will harm you if you move.
Continue?
Okay, then.
Okay, then.
You feel very mighty all of a sudden. The two-headed ogre misses you.
The two-headed ogre completely misses you.
You block the two-headed ogre's attack. x2
You claw the two-headed ogre!
The two-headed ogre is lightly wounded.
You mangle the two-headed ogre!!
The two-headed ogre is severely wounded.
The two-headed ogre barely misses you.
The two-headed ogre hits you but does no damage.
The two-headed ogre hits you with a +0 giant spiked club!
The two-headed ogre hits you with a +0 giant spiked club!!
You claw the two-headed ogre!
The two-headed ogre is severely wounded.
The two-headed ogre hits you with a +0 giant club!
* * * LOW HITPOINT WARNING * * *
The two-headed ogre hits you with a +0 giant club!
* * * LOW HITPOINT WARNING * * *
You barely miss the two-headed ogre.
The two-headed ogre is severely wounded.
You block the two-headed ogre's attack. x2
Unknown command.
You feel yourself speed up.
You block the two-headed ogre's attack. x2
The two-headed ogre barely misses you. You block the two-headed ogre's attack.
You claw the two-headed ogre!
You kill the two-headed ogre!
Okawaru accepts your kill. Okawaru grants you throwing weapons!
Something appears at your feet!
Your Invocations skill increases to level 6!
You mangle the two-headed ogre!!
The two-headed ogre is heavily wounded.
You carefully extract the barbed spikes from your body.
The two-headed ogre hits you with a +0 giant club!!
You die...

############ ######
#..........# .....#
#..........#
.....#####..........#
.....##..'.....).O..#
.....'..##.[....@...#
.....#####..........#
###'## ##'#########
#...# #.##### ..###
#.....## .## #####..#
#### ##.# ...#
######.###
...########........#


You could see a two-headed ogre.

Vanquished Creatures
  2 two-headed ogres
  A skeletal warrior (D:9)
  A manticore (D:9)
  3 cyclopes
  A yaktaur (shapeshifter) (D:9)
  Psyche (D:9)
  An efreet (D:9)
  5 yaks (D:10)
  A vampire (D:8)
  A wyvern (D:10)
  2 steam dragons
  2 vampire mosquitoes (D:10)
  Menkaure (D:4)
  2 water moccasins
  Duvessa (D:5)
  A black bear (D:5)
  11 orc warriors
  4 ice beasts
  An ogre (D:7)
  4 centaurs
  A phantom (D:4)
  4 kobold brigands
  3 bullfrogs
  A necrophage (D:5)
  4 gnoll sergeants
  3 scorpions (D:5)
  8 wights
  Dowan (D:5)
  16 killer bees (D:9)
  8 howler monkeys
  2 hounds (D:5)
  2 quasits (D:5)
  A jelly (D:6)
  7 orc priests
  Terence (D:3)
  2 iguanas (D:5)
  7 orc wizards
  8 mummies (Ossuary)
  6 adders
  21 gnolls
  6 shadow imps
  5 white imps
  7 ufetubi
  3 worms (D:2)
  4 dart slugs (D:1)
  39 orcs
  9 bats
  2 endoplasms
  A giant cockroach (D:3)
  8 hobgoblins
  3 jackals (D:2)
  3 quokkas (D:1)
  12 ball pythons
  A frilled lizard (D:2)
  13 goblins
  4 hobgoblin zombies (Ossuary)
  18 kobolds
  3 kobold zombies (Ossuary)
  An orc zombie (Ossuary)
  7 rats
301 creatures vanquished.

Vanquished Creatures (others)
  5 demonic plants (D:5)
5 creatures vanquished.

Grand Total: 306 creatures vanquished

Notes
Turn   | Place    | Note
-------+----------+-------------------------------------------
     0 | D:1      | MacCMillion the Troll Fighter began the quest for the Orb.
     0 | D:1      | Reached XP level 1. HP: 22/22 MP: 0/0
    38 | D:1      | Found Siotiut's General Store.
   100 | D:1      | Found Mudo's Distillery.
   149 | D:1      | Reached XP level 2. HP: 29/29 MP: 1/1
   168 | D:1      | Found Lyheyk's Antique Armour Emporium.
   312 | D:1      | Found Afuloyr's Antique Armour Shop.
   357 | D:1      | Reached XP level 3. HP: 35/36 MP: 2/2
   478 | D:1      | Reached skill level 3 in Unarmed Combat
   806 | D:2      | Reached XP level 4. HP: 36/44 MP: 3/3
   947 | D:2      | Found a faded altar of an unknown god.
  1643 | D:3      | Noticed Terence
  1657 | D:3      | Killed Terence
  1779 | D:3      | Reached XP level 5. HP: 50/53 MP: 4/4
  1798 | D:3      | Found a transporter.
  1798 | D:3      | Found a transporter.
  1798 | D:3      | Noticed laros's ghost (weakling MiBe)
  2216 | D:3      | Reached skill level 4 in Unarmed Combat
  2574 | D:4      | Noticed a phantom
  2587 | D:4      | Killed a phantom
  2634 | D:4      | Reached XP level 6. HP: 61/61 MP: 5/5
  2677 | D:4      | Noticed Menkaure
  2686 | D:4      | Killed Menkaure
  2687 | D:4      | Reached skill level 5 in Unarmed Combat
  3104 | D:5      | Entered Level 5 of the Dungeon
  3104 | D:5      | Noticed Duvessa
  3104 | D:5      | Noticed Dowan
  3334 | D:5      | Reached XP level 7. HP: 51/68 MP: 6/6
  3897 | D:5      | Killed Duvessa
  3898 | D:5      | Reached skill level 6 in Unarmed Combat
  4088 | D:5      | Killed Dowan
  4379 | D:5      | Noticed yoloboy69's ghost (novice OpFi)
  4381 | D:5      | Found a transporter.
  4427 | D:5      | Reached skill level 5 in Shields
  4450 | D:5      | Found a transporter.
  4480 | D:5      | Reached XP level 8. HP: 79/79 MP: 7/7
  4693 | D:5      | Reached skill level 7 in Unarmed Combat
  4766 | D:6      | Noticed a two-headed ogre
  5063 | D:5      | Reached skill level 5 in Fighting
  5246 | D:5      | Reached skill level 8 in Unarmed Combat
  5602 | D:6      | Reached XP level 9. HP: 87/88 MP: 8/8
  5871 | D:7      | Found a staircase to the Ecumenical Temple.
  5891 | Temple   | Entered the Ecumenical Temple
  6007 | Temple   | Became a worshipper of Warmaster Okawaru
  6067 | D:7      | Found Avemn's Book Boutique.
  6100 | D:7      | Found a sand-covered staircase.
  6105 | Ossuary  | Entered an ossuary
  6149 | Ossuary  | Reached skill level 1 in Throwing
  6377 | D:7      | Found a flagged portal.
  6390 | Bailey   | Entered a bailey
  6497 | Bailey   | Reached * piety under Okawaru
  6498 | Bailey   | Reached skill level 9 in Unarmed Combat
  6922 | Bailey   | Acquired the ring of the Equinox {rPois rF+ rC+ Str+4
                  | Dex+3}
  6925 | Bailey   | Noticed an orc knight
  6925 | Bailey   | Noticed an orc knight
  7301 | D:1      | Bought 4 atropa-tipped darts for 24 gold pieces
  7471 | D:6      | Killed a two-headed ogre
  7471 | D:6      | Reached ** piety under Okawaru
  7511 | D:7      | Reached XP level 10. HP: 78/100 MP: 9/9
  8447 | D:8      | Reached skill level 5 in Throwing
  8672 | D:8      | Reached *** piety under Okawaru
  9045 | D:9      | You fall into a shaft and drop 2 floors!
  9179 | D:11     | Noticed a cyclops
  9184 | D:11     | Killed a cyclops
  9282 | D:11     | Noticed a two-headed ogre
  9282 | D:11     | Noticed a manticore
  9283 | D:11     | Noticed a two-headed ogre
  9287 | D:10     | Entered Level 10 of the Dungeon
  9460 | D:10     | Found a staircase to the Orcish Mines.
  9510 | D:10     | Found a staircase to the Lair.
  9834 | D:9      | Noticed Psyche
  9850 | D:9      | Paralysed by something for 3 turns
  9908 | D:9      | Killed Psyche
  9909 | D:9      | Reached skill level 10 in Unarmed Combat
 10120 | D:9      | Reached **** piety under Okawaru
 10125 | D:9      | Received a gift from Okawaru
 10379 | D:9      | Noticed a cyclops
 10379 | D:9      | Noticed a manticore
 10379 | D:9      | Noticed a cyclops
 10379 | D:9      | Noticed a skeletal warrior
 10744 | D:9      | Killed a skeletal warrior
 10744 | D:9      | Received a gift from Okawaru
 10745 | D:9      | Reached XP level 11. HP: 59/109 MP: 8/10
 10929 | D:9      | Reached skill level 1 in Invocations
 11744 | D:10     | Found a shadowy altar of Dithmenos.
 11844 | D:10     | Received a gift from Okawaru
 11845 | D:10     | Reached skill level 5 in Invocations
 11972 | D:10     | Reached ***** piety under Okawaru
 12237 | D:10     | Killed a two-headed ogre
 12237 | D:10     | Received a gift from Okawaru
 12238 | D:10     | Slain by a two-headed ogre

Illustrated notes

Levels and vault maps discovered:
D:1:      scummos_arrival_gate, layout_rooms, serial_shops,
          nicolae_shop_crystal, nicolae_shop_hallway_stairs, shop_statue,
          nicolae_shop_trees, dreamdust_princess_bridge, interstate_on_off,
          minmay_misc_feat_chi, st_stairs_9, grunt_decor_cap
D:2:      layout_basic, shapermc_ecumenical_altar_notcrosses
D:3:      layout_basic, gammafunk_ghost_mausoleum, uniq_terence
D:4:      layout_rooms, uniq_menkaure
D:5:      layout_loops_ring, gammafunk_ghost_arena, serial_demonic,
          serial_demonic_e, serial_demonic_c, serial_demonic_a,
          serial_demonic_f, serial_demonic_d, serial_demonic_c,
          minmay_misc_feat_columns, uniq_duvessa
D:6:      layout_cave_pools, minmay_holes
D:7:      layout_loops_ring, minmay_temple_entry_mini_moons, enter_bailey_3,
          enter_ossuary_2, amcnicky_mini_corridor_feature, nicolae_stop_n_shop_1
D:8:      layout_loops_ring, st_stairs_8, minmay_misc_feat_x
D:9:      minmay_shrinking_squares, layout_loops_cross, uniq_psyche
D:10:     layout_roguey, mainiacjoe_overflow_paths, lair_entry_dummy,
          orc_0_dummy
D:11:     layout_roguey, serial_shops, shop, nicolae_shop_statue_plus
Temple:   mainiacjoe_temple_circle_huts

Skill      XL: |  1  2  3  4  5  6  7  8  9 10 11 |
---------------+----------------------------------+-----
Shields        | 3 4 5 6 7 |  7.9
Unarmed Combat | 3 4 5 6 8 9 10 | 10.6
Fighting       | 3 4 5 6 7 |  7.2
Throwing       | 4 6 |  6.4
Invocations    | 6 |  6.5
Dodging        | |  2.4

Action                   |  1- 3 |  4- 6 |  7- 9 | 10-12 || total
-------------------------+-------+-------+-------+-------++-------
Melee: Unarmed           |   123 |   171 |   273 |   353 ||   920
Invok: Heroism           |       |       |       |     1 ||     1
  Use: Scroll            |       |       |     6 |     5 ||    11
       Potion            |       |       |       |     2 ||     2
 Stab: Sleeping          |       |       |     1 |       ||     1
Armor: Robe              |    40 |    37 |    75 |    11 ||   163
       Steam dragon scal |       |       |       |    71 ||    71
Dodge: Dodged            |    37 |    46 |    95 |    77 ||   255
Block: Kite shield       |    42 |    60 |   174 |   222 ||   498
       Reflection        |       |       |    24 |     7 ||    31
